 Dungeon Crawl Stone Soup version 0.17-a0-1714-g35622ae (webtiles) character file.

67 sugabear the Shield-Bearer (level 4, -11/29 HPs)
             Began as a Gargoyle Fighter on Aug 23, 2015.
             Killed by divine providence
             ... invoked by an orc priest
              (13 damage)
             ... on level 3 of the Dungeon.
             The game lasted 00:02:30 (1254 turns).

sugabear the Shield-Bearer (Gargoyle Fighter)       Turns: 1254, Time: 00:02:30

Health: -11/29     AC: 10    Str: 21    XL:     4   Next: 18%
Magic:  4/4        EV:  7    Int:  8    God:
Gold:   109        SH:  9    Dex:  9    Spells: 0 memorised, 3 levels left

rFire  . . .     SeeInvis .     a - +0 war axe
rCold  . . .     Clarity  .     b - +0 scale mail
rNeg   + . .     SustAt   .     c - +0 shield
rPois  ∞         Gourm    .     (no helmet)
rElec  +         Spirit   .     (no cloak)
rCorr  .         Warding  .     (no gloves)
rMut   .         Stasis   .     (no boots)
MR     .....                    (no amulet)
Stlth  ..........               (no ring)
                                (no ring)

@: not resistant to hostile enchantments, extremely unstealthy
A: negative energy resistance 1, electricity resistance, unbreathing,
petrification resistance, rot immunity, AC +3
a: no special abilities


You were on level 3 of the Dungeon.
You were not hungry.

You visited 1 branch of the dungeon, and saw 4 of its levels.

You collected 109 gold pieces.

Inventory:

Hand weapons
 a - a +0 war axe (weapon)
Armour
 b - a +0 scale mail (worn)
 c - a +0 shield (worn)
 g - a +0 chain mail
 m - a +1 pair of gloves
Jewellery
 h - an uncursed ring of see invisible {unknown}
 n - an uncursed amulet of stasis {unknown}
Scrolls
 j - a scroll of remove curse {unknown}
 s - a scroll of fog {unknown}
 t - a scroll of fear {unknown}
 u - a scroll of immolation {unknown}
Potions
 d - a potion of might
 i - a potion of brilliance {unknown}
 l - a potion of poison {unknown}
 p - 2 potions of ambrosia {unknown}
 q - a potion of haste {unknown}
Comestibles
 e - 2 bread rations
 f - a meat ration
 k - a slice of pizza
 o - 3 fruits
 r - 3 chunks of flesh


   Skills:
 + Level 3.7 Fighting
 + Level 2.3 Axes
 + Level 4.0 Armour
 + Level 4.1 Shields


You had 3 spell levels left.
You didn't know any spells.

Dungeon Overview and Level Annotations

Branches:
Dungeon (4/15)
 Temple: D:4-7

Altars:
Ashenzari
The Shining One


Innate Abilities, Weirdness & Mutations

You are resistant to torment.
Your stone body is resilient (AC +3).
You are immune to poison.
You resist negative energy.
You are resistant to electric shocks.
You can survive without breathing.
You are immune to petrification.
You are immune to rotting.


Message History

You hit the orc but do no damage.
The orc wizard hits you but does no damage.
The orc wizard hits you with a dagger of electrocution.
The orc hits you but does no damage. You block the orc wizard's attack.
You barely miss the orc wizard. You hit the orc but do no damage.
The orc wizard hits you but does no damage.
The orc hits you but does no damage. The orc wizard casts a spell at you.
The puff of frost hits you!
* * * LOW HITPOINT WARNING * * *
You are too injured to fight recklessly!
Unknown command.
You are too injured to fight recklessly!
You are too injured to fight recklessly!
Unknown command.
Unknown command.
You are too injured to fight recklessly!
The orc priest invokes the aid of Beogh against you.
Something smites you!
You die...

........###†....#........#...
#. #######.#.#.....#........
.. #. #### #..##.....##
8...8..#.. ## ...#
#..#.#.....# ..8.... ##.#
#..##......# ....... ##.#
#..........# .$..... #
##.###.........#.#oo..... #
....†.........#o#o# #
....###......#.#@#.# # ....#
#.....#.##.##.# #
....###....#.###.# #.# #
..........#.## #.# #.# #
.........#.## #.# #.# #
........#.######.######.# #
..................)...... #
.......#################
.......#


You could see an orc priest, an orc wizard and 2 orcs.

Vanquished Creatures
  Robin (D:2)
  2 adders
  A giant gecko (D:1)
  An orc (D:3)
  A ball python (D:3)
  A giant cockroach (D:3)
  12 goblins
  5 hobgoblins
  2 bats (D:1)
  3 giant newts
  5 kobolds
  5 rats (D:1)
39 creatures vanquished.

Notes
Turn   | Place    | Note
--------------------------------------------------------------
     0 | D:1      | sugabear the Gargoyle Fighter began the quest for the Orb.
     0 | D:1      | Reached XP level 1. HP: 14/14 MP: 1/1
   152 | D:1      | Reached XP level 2. HP: 13/19 MP: 2/2
   679 | D:2      | Noticed Robin
   686 | D:2      | Reached XP level 3. HP: 13/23 MP: 3/3
   693 | D:2      | Killed Robin
   693 | D:2      | Reached skill level 4 in Armour
   902 | D:2      | Found a glowing golden altar of the Shining One.
   911 | D:2      | Found a shattered altar of Ashenzari.
  1002 | D:3      | Reached XP level 4. HP: 26/29 MP: 4/4
  1254 | D:3      | Killed from afar by an orc priest

Vault maps used:
D:1:      lemuel_arrival_funnel
D:2:      ashenzari_conservatory_becter, fiery_altar_vehumet, tso_metal_star,
          uniq_robin
D:3:      wad_pebble_path
D:4:      good_gods_temple_1, first_bread, minmay_crystal_water

Action                   |  1- 3 |  4- 6 || total
-------------------------+-------+-------++-------
Melee: War axe           |    93 |    15 ||   108
  Eat: Chunk             |       |     1 ||     1
